 Dungeon Crawl Stone Soup version 0.31-a0-667-g39726597b9 (webtiles) character file.

Game seed: 13932380394050349401

141 BritishOli the Trooper (level 5, 35/42 HPs)
             Began as a Demonspawn Fighter on Sept 4, 2023.
             Got out of the dungeon alive.
             The game lasted 00:02:04 (2316 turns).

BritishOli the Trooper (Demonspawn Fighter)         Turns: 2316, Time: 00:02:04

Health: 35/42      AC:  9    Str: 18    XL:     5   Next: 3%
Magic:  5/5        EV:  9    Int: 10    God:
Gold:   159        SH:  4    Dex: 12    Spells: 4/4 levels left

rFire   . . .        a - +0 war axe
rCold   . . .        c - +0 buckler
rNeg    . . .        b - +0 scale mail
rPois   .            j - +2 helmet
rElec   .            (no cloak)
rCorr   .            (no gloves)
SInv    .            (no boots)
Will    .....        (no amulet) Stlth
                     (no ring)
HPRegen 0.27/turn    (no ring)
MPRegen 0.09/turn

%: no passive effects
@: no status effects
A: sanguine armour 1, demonic magic 1
a: no special abilities


You escaped.
You visited 1 branch of the dungeon, and saw 3 of its levels.

You collected 159 gold pieces.

Inventory:

Hand Weapons
 a - a +0 war axe (weapon)
Armour
 b - a +0 scale mail (worn)
 c - a +0 buckler (worn)
 j - a +2 helmet (worn)
Scrolls
 e - a scroll of enchant armour {unknown}
 g - a scroll of vulnerability {unknown}
 h - a scroll of noise {unknown}
 i - 3 scrolls of identify {unknown}
 o - 2 scrolls of blinking {unknown}
Potions
 d - a potion of might
 f - a potion of cancellation {unknown}
 k - a potion of brilliance {unknown}
 l - a potion of curing {unknown}
 m - 3 potions of magic {unknown}
 n - a potion of invisibility {unknown}
 p - a potion of enlightenment {unknown}
 q - a potion of haste {unknown}


   Skills:
 * Level 4.3 Fighting
 * Level 3.3 Axes
 - Level 3.0 Armour
 - Level 3.0 Shields


You had 4 spell levels left.
You didn't know any spells.
Your spell library contained the following spells:

 Spells                   Type           Power      Damage    Failure   Level
 Necrotise                Necr           0%         1d4       83%         1
 Vampiric Draining        Necr           0%         2d6       99%         3
 Agony                    Necr           0%         N/A       100%        5


Dungeon Overview and Level Annotations

Branches:
Dungeon (3/15)

Altars:
Kikubaaqudgha
Qazlal


Innate Abilities, Weirdness & Mutations

When seriously injured, your blood forms armour. (AC +0)
Spells you cast may paralyse adjacent enemies.


Message History

You kill the gnoll!
The gnoll hits you but does no damage. The gnoll hits you but does no damage.
Things that are here:
a +0 flail; a +0 flail; a gnoll corpse You barely miss the gnoll.
The gnoll barely misses you.
You hit the gnoll.
The gnoll is heavily wounded.
The gnoll hits you but does no damage. x2
You barely miss the gnoll.
The gnoll is heavily wounded.
The gnoll closely misses you.
You hit the gnoll.
The gnoll is heavily wounded.
The gnoll closely misses you.
You slash the gnoll!
You kill the gnoll!
You have reached level 5!
Your demonic ancestry asserts itself...
A menacing aura infuses your magic.
There is an open door here.
There is an open door here.
You see here 8 stones.
You see here an adder corpse.
There is a stormy altar of Qazlal here.
You open the door.
There is an open door here.
There is a stone staircase leading up here.
You climb upwards.
There is a stone staircase leading down here.
There is a stone staircase leading up here.
You climb upwards.
There is a stone staircase leading down here.
Okay, then.
Your blood armour dries and flakes away.
You enter the shallow water.
Moving in this stuff is going to be slow.
There is a large open door here.
There is a staircase leading out of the dungeon here.
You have escaped!

#..........#.#########.#.........
#..........#.......# #.#..#....##
######.....#.......###.........#.
## #.....~~~≈≈≈≈~~~###........#
.#####.....~8~~≈≈~~8~###.#.....##
.♣♣........~~8~~~~8~~....#.......
.♣♣.###....§~~#''#§§§#.####......
~♣♣♣# #....≈§§#..#~≈≈#.####....##
.~♣ #....≈§§#.@#§≈≈#.........#.
~P♣♣♣♣♣###.§§~####~~≈######.....#
~~P♣~PP###.~~8~~~~8~~# #....##
~..~~~..##.~8~~≈≈~~8~# ####...
~~P~PP♣....~~~≈≈≈≈~~~# ##..
.P♣♣♣♣♣....########### ### ~~♣
#♣#.##.# ##. ~♣♣ #.#.##.# #.# ~P♣
#.#.##.# ###


There were no monsters in sight!

Vanquished Creatures
  6 adders
  3 gnolls (D:3)
  2 worms (D:2)
  A dart slug (D:2)
  6 bats
  6 endoplasms
  2 giant cockroaches (D:2)
  4 goblins
  3 hobgoblins (D:1)
  2 quokkas
  4 ball pythons
  7 frilled lizards
  5 kobolds
  4 rats
55 creatures vanquished.

Notes
Turn   | Place    | Note
-------+----------+-------------------------------------------
     0 | D:1      | BritishOli the Demonspawn Fighter began the quest for the
                  | Orb.
     0 | D:1      | Reached XP level 1. HP: 18/18 MP: 1/1
   252 | D:1      | Gained mutation: When seriously injured, your blood forms
                  | armour. (AC +0) [demonic ancestry]
   252 | D:1      | Reached XP level 2. HP: 24/24 MP: 2/2
  1014 | D:2      | Reached XP level 3. HP: 24/29 MP: 3/3
  1502 | D:2      | Reached XP level 4. HP: 27/37 MP: 4/4
  2072 | D:3      | Reached skill level 4 in Fighting
  2137 | D:3      | Found a stormy altar of Qazlal.
  2186 | D:3      | Found an ancient bone altar of Kikubaaqudgha.
  2210 | D:3      | Gained mutation: Spells you cast may paralyse adjacent
                  | enemies. [demonic ancestry]
  2210 | D:3      | Reached XP level 5. HP: 6/42 MP: 5/5
  2316 | D:$      | Got out of the dungeon alive.

Illustrated notes

Levels and vault maps discovered:
D:1:      lightli_arrival_boilingwater, layout_basic, st_stairs_14,
          minivault_26, nicolae_eternal_life, serial_bayou_crossing
D:2:      layout_loops_ring
D:3:      layout_loops_corners, mainiacjoe_overflow_surrounded_room,
          nicolae_qazlal_scattered_showers

Skill      XL: |  1  2  3  4 |
---------------+-------------+-----
Axes           | 2 3 |  3.3
Shields        | 3 |  3.0
Armour         | 3 |  3.0
Fighting       | 4 |  4.3

Action                     |  1- 3 |  4- 6 || total
---------------------------+-------+-------++-------
  Melee: War axe           |   145 |    67 ||   212
 Armour: Scale mail        |   102 |    52 ||   154
  Dodge: Dodged            |    93 |    37 ||   130
  Block: Buckler           |    40 |    23 ||    63

Table legend: (Time is in decaauts)
 A = Elapsed time spent in this place.
 B = Non-inter-level travel time spent in this place.
 C = Inter-level travel time spent in this place.
 D = Time resting spent in this place.
 E = Time spent auto-exploring this place.
 F = Levels seen in this place.
 G = Mean time per level.
                   A        B        C        D        E       F      G
               +--------+--------+--------+--------+--------+-----+--------+
         Total |   2416 |   2197 |    219 |      0 |   1720 |   3 |  805.3 |
       Dungeon |   2416 |   2197 |    219 |      0 |   1720 |   3 |  805.3 |
               +--------+--------+--------+--------+--------+-----+--------+

Top non-repeatable levels by time:
     D:2: 1086 daAuts
     D:1: 1081 daAuts
     D:3: 249 daAuts
